 Dungeon Crawl Stone Soup version 0.19.5 (webtiles) character file.

66 Inkary the Skirmisher (level 3, -1/34 HPs)
             Began as a Minotaur Fighter on Mar 31, 2017.
             Killed from afar by an orc wizard (5 damage)
             ... with a magic dart
             ... on level 3 of the Dungeon.
             The game lasted 00:03:08 (1408 turns).

Inkary the Skirmisher (Minotaur Fighter)            Turns: 1408, Time: 00:03:10

Health: -1/34      AC:  7    Str: 21    XL:     3   Next: 96%
Magic:  1/1        EV:  7    Int:  5    God:
Gold:   78         SH:  9    Dex:  7    Spells: 0 memorised, 2 levels left

rFire  . . .     SeeInvis .     a - +0 war axe
rCold  . . .     Gourm    .     b - +0 scale mail
rNeg   . . .     Faith    .     c - +0 shield
rPois  .         Spirit   .     (helmet restricted)
rElec  .         Reflect  .     (no cloak)
rCorr  .         Harm     .     (no gloves)
MR     +....                    (no boots)
Stlth  ..........               (no amulet)
                                (no ring)
                                (no ring)

@: no status effects
A: retaliatory headbutt, horns 2, clumsy 1, low mp 1, magic resistance 1
a: no special abilities


You were on level 3 of the Dungeon.
You were hungry.

You visited 1 branch of the dungeon, and saw 3 of its levels.

You collected 78 gold pieces.

Inventory:

Hand Weapons
 a - a +0 war axe (weapon)
Armour
 b - a +0 scale mail (worn)
 c - a +0 shield (worn)
Jewellery
 i - a cursed amulet of inaccuracy {unknown}
Scrolls
 k - a scroll of magic mapping {unknown}
 l - 4 scrolls of amnesia {unknown}
 m - a scroll of noise {unknown}
 n - 3 scrolls of identify {unknown}
 q - a scroll of teleportation {unknown}
 r - a scroll of immolation {unknown}
Potions
 d - a potion of might
 e - 2 potions of mutation
 j - a potion of agility {unknown}
 o - 2 potions of heal wounds {unknown}
 p - a potion of flight {unknown}
 s - a potion of resistance {unknown}
Comestibles
 f - 2 bread rations
 g - a beef jerky
 h - 2 fruits


   Skills:
 + Level 4.6 Fighting
 + Level 3.2 Axes
 - Level 3.7 Armour
 + Level 4.5 Shields


You had 2 spell levels left.
You didn't know any spells.

Dungeon Overview and Level Annotations

Branches:
Dungeon (3/15)

Altars:


Innate Abilities, Weirdness & Mutations

You reflexively headbutt those who attack you in melee.
You have a pair of horns on your head.
You are clumsy. (Dex -2)
Your magical capacity is low. (-10% MP)
You are resistant to hostile enchantments. (MR+)


Message History

You miss something. Something hits you but does no damage.
You barely miss something. Something hits you but does no damage.
You block something's attack.
You closely miss something. You block something's attack.
You closely miss something. You headbutt something. Something hits you.
* * * LOW HITPOINT WARNING * * *
Something hits you but does no damage.
You barely miss something. Something hits you but does no damage.
It was a potion of mutation.
You feel extremely strange.
You feel less energetic.
You feel clumsy.
You feel resistant to hostile enchantments.
Something hits you but does no damage.
You closely miss something.
You hear some strange, mumbled words.
A puff of flame appears from out of thin air!
You block the puff of flame.
You hear some strange, mumbled words.
A magic dart appears from out of thin air!
The magic dart hits you!
You die...

#.#
#.......<.......
#.#
#.###.#..#.##...
#.# #.# #.#.## #
#.# #.# #.#.. #.#
#.# #.##### #.#
#.# #.#.#.. #.#
#.# #...#.# #.#
#.###...#.# #.#
####.......#@#
#.###....###...#{#
....'........#.#o#
#####....##....#o#
#........#.#.#
#.....<..#.#.#
#....##......#
#............#
#............#


You could see 2 orcs.

Vanquished Creatures
  An adder (D:2)
  An ooze (D:1)
  A worm (D:2)
  4 dart slugs (D:2)
  2 leopard geckos (D:1)
  An orc (D:3)
  3 goblins
  4 hobgoblins
  6 jackals
  4 kobolds
  A quokka (D:2)
  4 bats
  2 frilled lizards (D:2)
  5 rats
39 creatures vanquished.

Notes
Turn   | Place    | Note
-------+----------+-------------------------------------------
     0 | D:1      | Inkary the Minotaur Fighter began the quest for the Orb.
     0 | D:1      | Reached XP level 1. HP: 19/19 MP: 0/0
   163 | D:1      | Reached XP level 2. HP: 21/27 MP: 1/1
   753 | D:2      | Reached XP level 3. HP: 29/33 MP: 2/2
  1407 | D:3      | Gained mutation: Your magical capacity is low. (-10% MP) [potion of mutation]
  1407 | D:3      | Gained mutation: You are clumsy. (Dex -2) [potion of mutation]
  1407 | D:3      | Gained mutation: You are resistant to hostile enchantments. (MR+) [potion of mutation]
  1408 | D:3      | Killed from afar by an orc wizard

Skill      XL: |  1  2  3 |
---------------+----------+-----
Shields        | 4 |  4.5
Fighting       | 4 |  4.6
Axes           | 3 |  3.2
Armour         | |  3.7

Action                   || total
-------------------------++-------
Melee: War axe           ||   124
       Headbutt          ||    15
  Use: Potion            ||     1
  Eat: Chunk             ||     1
Armor: Scale mail        ||    63
Dodge: Dodged            ||    37
Block: Shield            ||    70
